 Dungeon Crawl Stone Soup version 0.30-a0-777-ga9a30cbeda (webtiles) character file.

479148 theswoord the Warrior (level 24, 197/197 HPs)
             Began as a Gnoll Wanderer on Nov 30, 2017.
             Was the Champion of Ru.
             Got out of the dungeon
             ... with 3 runes on Feb 13, 2023!
             The game lasted 07:22:25 (79100 turns).

theswoord the Warrior (Gnoll Wanderer)             Turns: 79100, Time: 07:22:26

Health: 197/197    AC: 26    Str: 15    XL:     24   Next: 50%
Magic:  34/34      EV: 22    Int: 19    God:    Ru [******]
Gold:   3377       SH:  0    Dex: 23    Spells: 24/55 levels left

rFire   + + .      SeeInvis +    I - +9 lajatang (elec)
rCold   + . .      Faith    .    (shield currently unavailable)
rNeg    . . .      Spirit   +    y - +0 fire dragon scales
rPois   .          Reflect  .    c - +0 helmet {Int+3}
rElec   +          Harm     .    e - +2 cloak {+Inv}
rCorr   .          Rampage  .    t - +2 pair of gloves
Will    ++...                    m - +2 pair of boots
Stlth   ++++++++                 U - amulet of guardian spirit
HPRegen 0.52/turn                z - ring of protection from cold
MPRegen 0.24/turn                C - ring "Meach" {rC+ Will+ Str-2 SInv Stlth+}

@: no status effects
A: fangs 1, dopey 1, low MP 2, inability to use devices, hated by all, no hexes
magic, no poison magic, disrupted magic 2, strong nose, distributed training,
thin skeletal structure 1, screaming 1, electricity resistance, sturdy frame 1
}: 3/15 runes: decaying, silver, gossamer
a: Renounce Religion, Draw Out Power, Power Leap, Apocalypse


You escaped.
You worshipped Ru.
Ru was exalted by your worship.
You visited 9 branches of the dungeon, and saw 43 of its levels.
You visited the Abyss 1 time.
You also visited: Ice Cave.

You collected 4253 gold pieces.
You spent 876 gold pieces at shops.

Inventory:

Hand Weapons
 a - a +2 shortbow of electrocution
 q - a +2 triple crossbow of flaming
 v - a +4 antimagic eveningstar
 B - the +7 shortbow of Trial by Ordeal {freeze, +Blink rC++}
   (You found it on level 2 of the Depths)

   rC:        It greatly protects you from cold.
   +Blink:    It lets you blink.
 I - a +9 lajatang of electrocution (weapon)
 R - a +4 demon whip of freezing
 S - the +3 hunting sling "Ahocs" {heavy, Fly rN+++ Str+4 Int-2}
   (You found it on level 6 of the Lair of Beasts)

   Str:       It affects your strength (+4).
   Int:       It affects your intelligence (-2).
   rN:        It renders you almost immune to negative energy.
   Fly:       It grants you flight.
Missiles
 b - 918 arrows
 J - 1506 bolts
 O - 3 javelins (quivered)
Armour
 c - a +0 helmet of intelligence (worn)
 e - a +2 cloak of invisibility (worn)
 k - the +6 scale mail of the Journeyman {Fly Str+8 Int-5}
   (You found it on level 15 of the Dungeon)

   Str:       It affects your strength (+8).
   Int:       It affects your intelligence (-5).
   Fly:       It grants you flight.
 m - a +2 pair of boots (worn)
 o - a +2 helmet
 t - a +2 pair of gloves (worn)
 y - +0 fire dragon scales (worn)
 K - the +4 plate armour of the Gravedigger {rElec}
   (You found it on level 5 of the Vaults)

   rElec:     It insulates you from electricity.
Jewellery
 z - a ring of protection from cold (left hand)
 C - the ring "Meach" (right hand) {rC+ Will+ Str-2 SInv Stlth+}
   (You found it on level 6 of the Dungeon)

   [ring of strength]

   Str:       It affects your strength (-2).
   rC:        It protects you from cold.
   SInv:      It lets you see invisible.
   Will:      It increases your willpower.
   Stlth:     It makes you more stealthy.
 L - the ring "Zifyrom" {rPois rF+ Int+6}
   (You took it off a centaur warrior on level 3 of the Depths)

   [ring of protection from fire]

   Int:       It affects your intelligence (+6).
   rF:        It protects you from fire.
   rPois:     It protects you from poison.
 U - an amulet of guardian spirit (around neck)
 X - a ring of poison resistance
Scrolls
 f - a scroll of fear
 i - 14 scrolls of identify
 j - 28 scrolls of removedness
 p - a scroll of holy word
 r - a scroll of torment
 s - 5 scrolls of amnesia
 u - 2 scrolls of immolation
 w - 2 scrolls of blinking
 A - a scroll of enchant weapon
 H - 6 scrolls of magic mapping
 P - a scroll of vulnerability
 Q - 6 scrolls of teleportation
Potions
 d - 10 potions of curing
 l - 4 potions of cancellation
 n - a potion of lignification
 x - 2 potions of ambrosia
 D - 2 potions of mutation
 E - 4 potions of flight
 F - 2 potions of attraction
 G - 3 potions of brilliance
 M - 2 potions of invisibility
 N - a potion of berserk rage
 V - 5 potions of heal wounds
Comestibles
 g - 18 removed foods
 h - 16 removed foods


   Skills:
 + Level 18.0 Fighting
 + Level 16.1 Short Blades
 + Level 16.1 Long Blades
 + Level 16.1 Axes
 + Level 16.1 Maces & Flails
 + Level 16.1 Polearms
 + Level 16.1 Staves
 + Level 16.3 Ranged Weapons
 + Level 16.3 Throwing
 + Level 16.1 Armour
 + Level 16.3 Dodging
 + Level 16.6 Stealth
 + Level 16.3 Shields
 + Level 16.1 Unarmed Combat
 + Level 16.1 Spellcasting
 + Level 13.7 Conjurations
   Level 0.0 Hexes
   Level 0.0 Summonings
 + Level 13.7 Necromancy
 + Level 13.7 Translocations
 + Level 13.7 Transmutations
 + Level 13.7 Fire Magic
 + Level 13.7 Ice Magic
 + Level 13.7 Air Magic
 + Level 13.7 Earth Magic
   Level 0.0 Poison Magic
 + Level 17.5 Invocations
   Level 0.0 Evocations


You had 24 spell levels left.
You knew the following spells:

 Your Spells              Type           Power      Damage    Failure   Level
a - Swiftness             Air            61%        N/A       1%          3
b - Flame Wave            Conj/Fire      61%        2d14      1%          4
d - Airstrike             Air            30%        2d(5-21)  1%          4
e - Starburst             Conj/Fire      30%        6d9       11%         6
f - Sticky Flame          Conj/Fire      61%        2d8       1%          4
g - Bolt of Magma         Conj/Fire/Erth 30%        4d14      3%          5
h - Lee's Rapid Deconstr  Erth           30%        3d16*     3%          5
i - Flame Wave            Conj/Fire      61%        2d14      1%          4

Your spell library contained the following spells:

 Spells                   Type           Power      Damage    Failure   Level
 Apportation              Tloc           100%       N/A       1%          1
 Necrotise                Necr           100%       1d9       1%          1
 Iskenderun's Battlesphe  Conj           61%        2d11      3%          5
 Iron Shot                Conj/Erth      30%        9d6       11%         6
 Disjunction              Tloc           30%        N/A       95%         8
 Ensorcelled Hibernation  Hex/Ice        Unusable   N/A       N/A         2
 Inner Flame              Hex/Fire       Unusable   N/A       N/A         3
 Portal Projectile        Hex/Tloc       Unusable   N/A       N/A         3
 Summon Small Mammal      Summ           Unusable   N/A       N/A         1
 Confusing Touch          Hex            Unusable   N/A       N/A         3
 Summon Mana Viper        Hex/Summ       Unusable   N/A       N/A         5
 Spellforged Servitor     Conj/Summ      Unusable   N/A       N/A         7

Dungeon Overview and Level Annotations

Branches:
Dungeon (15/15)            Temple (1/1) D:6            Lair (6/6) D:11
  Swamp (4/4) Lair:3       Spider (4/4) Lair:2        Slime (0/5) Lair:5
    Orc (2/2) D:9             Elf (0/3) Orc:2        Vaults (5/5) D:13
  Crypt (0/3) Vaults:3     Depths (5/5) D:15            Zot (1/5) Depths:4

Altars:
Ashenzari
Cheibriados
Dithmenos
Elyvilon
Gozag
Kikubaaqudgha
Nemelex Xobeh
Okawaru
Ru
Trog
Vehumet
Wu Jian
Xom
Zin

Shops:
D:10 [   Orc:2 =*[((*!

Portals:
Hell: Depths:1 Depths:2 Depths:3 Depths:4
Abyss: Depths:1 Depths:3 Depths:4
Pandemonium: Depths:2 Depths:3
Trove: Depths:1 (give 6 potions of agility)


Innate Abilities, Weirdness & Mutations

You have very sharp teeth.
You are dopey. (Int -2)
Your magical capacity is very low. (-20% MP)
You cannot study or use magical devices.
You are hated by all.
You cannot study or cast Hexes magic.
You cannot study or cast Poison magic.
Your casting is disrupted.
Your uncanny sense of smell can sniff out nearby items.
Your experience applies equally to all skills.
You have a somewhat thin skeletal structure. (Dex +2, Stealth+)
You occasionally shout uncontrollably at your foes.
You are resistant to electric shocks. (rElec)
Your movements are slightly less encumbered by armour. (ER -2)


Message History

There is a stone staircase leading up here.
You climb upwards.
There is a stone staircase leading down here.
There is a stone staircase leading up here.
You climb upwards.
There is a stone staircase leading down here.
There is a stone staircase leading up here.
You climb upwards.
There is a stone staircase leading down here.
There is a stone staircase leading up here.
You climb upwards.
There is a stone staircase leading down, spattered with blood here.
Items here: )) [[.
There is a stone staircase leading up here.
You climb upwards.
There is a stone staircase leading down here.
There is a stone staircase leading up here.
You climb upwards.
There is a stone staircase leading down here.
There is a stone staircase leading up here.
You climb upwards.
There is a stone staircase leading down here.
You see here 15 sling bullets.
There is a stone staircase leading up here.
You climb upwards.
There is a stone staircase leading down here.
There is a stone staircase leading up here.
You climb upwards.
There is a stone staircase leading down here.
You open the door.
There is an open door here.
There is a stone staircase leading up here.
You climb upwards.
There is a stone staircase leading down here.
There is a staircase leading out of the dungeon here.
You can't go down here!
Are you sure you want to leave the Dungeon?
This will make you lose the game!
Alright, then stay!
Are you sure you want to leave the Dungeon?
This will make you lose the game!
You have escaped!

########################
#....#.........#.......#
#.##.#.#.#>#.#.#.......#######
#.##.#.#.###.#.#.......##....#
####....#....#....#.......##....#
#.....###...###...........''....'
#.###.# #.### ###.....###########
#.#...###.## #@.....#8###⌠###8#
....####..># ##................
..#>......## #>..##............
..#.####...# ##..##............
###....#..### ###..####8###8###8#
##.##.#....###....##############
#..##.#.....#......##.#..# #...
#.###....#.###)#...##.##.## #...
#..###...#.#.#.#...##.##..###...


There were no monsters in sight!

Vanquished Creatures
  2 ancient liches (Depths:3)
  A juggernaut (Depths:2)
  the Lernaean hydra (Swamp:4)
  Saint Roka (Vaults:1)
  Nikola (Swamp:4)
  8 golden dragons
  3 tentacled monstrosities
  5 liches
  4 titans
  A quicksilver dragon (Vaults:4)
  6 sphinxes
  5 shadow dragons
  4 storm dragons
  2 thorn hunters
  Frances (Swamp:2)
  11 tengu reavers
  A draconian monk (Depths:3)
  The ghost of nono the Fencer, an adept BaFi of Wu Jian (Spider:3)
  A fire giant (shapeshifter) (Depths:3)
  10 fire giants
  3 ghost moths
  10 frost giants
  An orc warlord (Orc:2)
  13 vault wardens
  3 emperor scorpions
  A deep elf sorcerer (Vaults:4)
  Aizul (Spider:2)
  A tentacled starspawn (Abyss:2)
  8 entropy weavers
  A spriggan defender (Depths:2)
  2 war gargoyles (Vaults:4)
  2 iron dragons
  5 very ugly things
  12 ironbound preservers
  21 stone giants
  3 vampire knights (Depths:3)
  A deep elf demonologist (Vaults:4)
  A dire elephant (Lair:6)
  Azrael (D:14)
  3 deep elf annihilators
  Snorg (D:14)
  A spark wasp (Spider:4)
  Louise (Depths:4)
  15 fire dragons
  12 ettins
  A black draconian (Depths:4)
  10 great orbs of eyes
  7 rakshasas
  A deep elf high priest (Vaults:5)
  A starcursed mass (Abyss:2)
  10 yaktaur captains
  6 ice dragons
  11 ogre magi
  6 spriggan air magi
  A yellow draconian (Depths:4)
  22 hydras
  Fannar (D:11)
  A catoblepas (Lair:6)
  26 vault guards
  10 alligators
  2 ghost crabs (Swamp:2)
  A removed monstrous demonspawn (Depths:2)
  13 centaur warriors
  5 death knights
  The ghost of anything the Martial Artist, a journeyman OpTm of Gozag (D:12)
  6 deep troll shamans
  A quicksilver dragon zombie (Abyss:2)
  4 orc high priests (Orc:2)
  A removed queen ant (Lair:6)
  10 death yaks
  26 two-headed ogres
  Urug (Lair:2)
  A tengu warrior (D:15)
  5 deep troll earth magi
  6 spriggan berserkers
  6 hell knights
  6 deep elf knights
  3 thrashing horrors (Abyss:2)
  3 shadow wraiths
  An iron troll (Depths:2)
  8 skeletal warriors
  7 wizards
  3 spark wasp zombies (Depths:3)
  4 unseen horrors
  15 deep trolls
  3 spriggan druids
  A removed gelid demonspawn (Depths:2)
  6 glowing orange brains
  A swamp dragon (shapeshifter) (Depths:3)
  9 swamp dragons
  6 deep elf archers
  A shambling mangrove (Swamp:4)
  A harpy (shapeshifter) (Depths:3)
  3 phantasmal warriors
  14 orc knights
  4 flayed ghosts
  A lindwurm (Lair:6)
  17 orb spiders
  20 ironbound convokers
  A shadow dragon zombie (Depths:4)
  7 necromancers
  A mana viper (shapeshifter) (Depths:3)
  35 wolf spiders
  14 deep elf pyromancers
  2 manticores (Lair:6)
  5 orc sorcerers
  33 ugly things
  4 cyclopes
  A worldbinder (Abyss:2)
  2 black mambas (shapeshifter)
  A salamander (shapeshifter) (Vaults:2)
  4 elephants
  A moth of wrath (Spider:4)
  2 ice statues (IceCv)
  A rust devil (Depths:2)
  A stone giant skeleton (Depths:1)
  11 black mambas
  9 vault sentinels
  A guardian serpent (Lair:6)
  A frost giant skeleton (Depths:4)
  An apocalypse crab (Abyss:2)
  A storm dragon simulacrum (D:15)
  Psyche (D:11)
  2 gargoyles (D:14)
  2 eyes of devastation (shapeshifter)
  2 smoke demons (Abyss:2)
  A torpor snail (Lair:5)
  A titan simulacrum (Depths:1)
  A tormentor (Depths:2)
  5 rime drakes
  4 demonic crawlers
  23 cane toads
  A komodo dragon (shapeshifter) (D:13)
  An efreet (Abyss:2)
  55 yaktaurs
  A redback zombie (D:14)
  6 komodo dragons
  A hellwing (Depths:2)
  9 ice devils
  6 freezing wraiths
  A queen bee (Lair:2)
  A meliai (shapeshifter) (Depths:2)
  35 jumping spiders
  A queen bee (shapeshifter) (Vaults:2)
  4 polar bears
  3 meliai (Spider:4)
  14 trolls
  2 raiju (shapeshifter) (Depths:3)
  8 tyrant leeches
  29 hornets
  10 removed hippogriffs
  15 blink frogs
  2 raiju (Abyss:2)
  A removed hippogriff (shapeshifter) (Vaults:2)
  23 slime creatures
  6 bog bodies
  A fire giant simulacrum (Depths:4)
  A meliai zombie (D:14)
  A dream sheep (Lair:6)
  A dream sheep (shapeshifter) (Depths:2)
  A deep troll skeleton (Depths:1)
  A vampire (D:11)
  56 redbacks
  A spriggan (shapeshifter) (Depths:3)
  3 shadows
  2 yaks (shapeshifter)
  12 spriggans
  4 wraiths
  10 wyverns
  34 yaks
  3 water elementals (Depths:2)
  19 tarantellas
  5 basilisks
  4 small abominations
  2 fire elementals (D:14)
  3 chaos spawn
  A golden eye (Abyss:2)
  20 vampire mosquitoes
  Grum (D:10)
  2 human simulacra
  2 removed hungry ghosts
  5 wargs
  22 swamp worms
  8 insubstantial wisps
  A naga (shapeshifter) (Depths:3)
  13 large abominations
  25 removed soldier ants
  26 water moccasins
  6 hell hounds
  A water moccasin (shapeshifter) (Vaults:1)
  56 orc warriors
  A black bear (D:11)
  6 removed porcupines
  A sky beast (D:15)
  17 swamp drakes
  4 phantoms
  8 ice beasts
  A necrophage (D:12)
  8 boggarts
  29 wolves
  11 ogres
  16 centaurs
  12 removed crocodiles
  3 kobold brigands
  16 bullfrogs
  2 elf simulacra
  2 gnoll sergeants
  2 scorpions
  23 killer bees
  16 wights
  5 electric eels
  2 howler monkeys
  A draconian simulacrum (IceCv)
  3 centaur zombies
  4 crimson imps
  9 jellies
  A bullfrog zombie (D:13)
  A yaktaur simulacrum (Vaults:1)
  2 bullfrog skeletons
  15 hounds
  30 orc wizards
  2 centaur skeletons
  23 orc priests
  2 iguanas
  26 removed worker ants
  5 troll simulacra (IceCv)
  2 yak simulacra (Lair:3)
  2 polar bear simulacra (Lair:3)
  A spriggan simulacrum (IceCv)
  2 wolf simulacra (Lair:3)
  The ghost of dvd the Shield-Bearer, a weakling TrFi (D:3)
  A hound zombie (D:8)
  3 hound skeletons
  2 removed worker ant zombies
  14 adders
  12 gnolls
  3 naga simulacra (IceCv)
  3 shadow imps
  15 white imps
  2 ufetubi (Vaults:4)
  An endoplasm (shapeshifter) (Vaults:2)
  2 endoplasms
  2 adder skeletons (D:6)
  15 worms
  A dart slug (D:2)
  110 orcs
  3 removed leopard geckos
  2 ball pythons
  4 giant cockroaches
  4 goblins
  7 hobgoblins
  7 jackals
  15 kobolds
  6 quokkas
  12 bats
  6 frilled lizards
  9 rats
  5 river rat simulacra (Lair:3)
  A briar patch (Swamp:4)
  20 bushes (D:14)
  4 fungi (Lair:6)
  2 plants (Lair:6)
1911 creatures vanquished.

Vanquished Creatures (collateral kills)
  A removed porcupine (D:11)
1 creature vanquished.

Vanquished Creatures (others)
  A shadow dragon (Depths:4)
  2 tengu reavers
  A fire giant (Vaults:5)
  A ghost moth (Spider:4)
  2 ironbound preservers
  A stone giant (Vaults:4)
  An entropy weaver (Depths:3)
  A deep elf demonologist (Vaults:4)
  An ettin (Vaults:3)
  The ghost of 4thArraOfDagon the Severer, a journeyman MiAK of Lugonu (D:15)
  4 hydras
  A vault guard (Vaults:5)
  A centaur warrior (Depths:3)
  An alligator (Swamp:2)
  A two-headed ogre (Vaults:2)
  An ice dragon (Depths:4)
  A spriggan berserker (Depths:5)
  A hell knight (Depths:4)
  A deep troll (Depths:2)
  A shadow wraith (Vaults:3)
  A spriggan druid (Swamp:3)
  2 unseen horrors
  A flayed ghost (Depths:3)
  A necromancer (Depths:4)
  An ironbound convoker (Vaults:2)
  An orb spider (Spider:4)
  A wolf spider (Spider:3)
  2 cane toads
  4 yaktaurs
  A komodo dragon (Lair:5)
  A jumping spider (Spider:4)
  2 hornets
  A removed hippogriff (D:14)
  A slime creature (Swamp:3)
  4 redbacks
  2 tarantellas
  2 spriggans (Swamp:3)
  A wyvern (Lair:5)
  A vampire mosquito (Swamp:1)
  2 swamp worms
  An orc warrior (Vaults:3)
  An ogre (Vaults:1)
  A bullfrog (shapeshifter) (Vaults:5)
  A killer bee (Lair:2)
  An orc priest (Vaults:2)
  3 orcs
  13 bushes (D:14)
  37 fungi
  49 plants
  2 starspawn tentacles (Abyss:2)
166 creatures vanquished.

Grand Total: 2078 creatures vanquished

Notes
Turn   | Place    | Note
-------+----------+-------------------------------------------
     0 | D:1      | theswoord the Gnoll Wanderer began the quest for the Orb.
     0 | D:1      | theswoord set off with: a +2 shortbow, 27 arrows, a +0
                  | mace, a scroll of teleportation, a +0 robe, a +0 dagger, a
                  | bread ration
     0 | D:1      | Reached XP level 1. HP: 26/26 MP: 1/1
    18 | D:1      | Reached XP level 2. HP: 24/33 MP: 2/2
   289 | D:1      | Reached XP level 3. HP: 38/38 MP: 3/3
   835 | D:2      | Reached skill level 1 in Short Blades
   835 | D:2      | Reached skill level 1 in Long Blades
   835 | D:2      | Reached skill level 1 in Axes
   835 | D:2      | Reached skill level 1 in Maces & Flails
   835 | D:2      | Reached skill level 1 in Polearms
   835 | D:2      | Reached skill level 1 in Staves
   835 | D:2      | Reached skill level 1 in Slings
   835 | D:2      | Reached skill level 1 in Crossbows
   835 | D:2      | Reached skill level 1 in Armour
   835 | D:2      | Reached skill level 1 in Unarmed Combat
   835 | D:2      | Reached skill level 1 in Spellcasting
   835 | D:2      | Reached skill level 1 in Invocations
   835 | D:2      | Reached skill level 1 in Evocations
   835 | D:2      | Reached XP level 4. HP: 45/45 MP: 5/5
  1033 | D:2      | Reached skill level 1 in Conjurations
  1033 | D:2      | Reached skill level 1 in Hexes
  1033 | D:2      | Reached skill level 1 in Charms
  1033 | D:2      | Reached skill level 1 in Summonings
  1033 | D:2      | Reached skill level 1 in Necromancy
  1033 | D:2      | Reached skill level 1 in Translocations
  1033 | D:2      | Reached skill level 1 in Transmutations
  1033 | D:2      | Reached skill level 1 in Fire Magic
  1033 | D:2      | Reached skill level 1 in Ice Magic
  1033 | D:2      | Reached skill level 1 in Air Magic
  1033 | D:2      | Reached skill level 1 in Earth Magic
  1033 | D:2      | Reached skill level 1 in Poison Magic
  1155 | D:2      | Reached XP level 5. HP: 51/51 MP: 6/6
  1305 | D:3      | Noticed dvd's ghost (weakling TrFi)
  1327 | D:3      | Killed dvd's ghost
  1555 | D:3      | Found a snail-covered altar of Cheibriados.
  1678 | D:3      | Found a basalt altar of Yredelemnul.
  1816 | D:4      | Found a shattered altar of Ashenzari.
  1827 | D:4      | Reached XP level 6. HP: 47/57 MP: 8/8
  2013 | D:4      | Found a sparkling altar of Nemelex Xobeh.
  2626 | D:4      | Reached XP level 7. HP: 36/63 MP: 10/10
  2979 | D:5      | Entered Level 5 of the Dungeon
  3077 | D:5      | Got an ichor-stained falchion
  3078 | D:5      | Identified the +7 falchion "Tutial" {slice, rC+ MP-9 Str+3}
                  | (You found it on level 5 of the Dungeon)
  3244 | D:5      | Found an ancient bone altar of Kikubaaqudgha.
  3516 | D:6      | Found a staircase to the Ecumenical Temple.
  3529 | Temple   | Entered the Ecumenical Temple
  3551 | Temple   | Became a worshipper of Ru the Awakened
  3668 | D:6      | Got a scorched golden ring
  3669 | D:6      | Identified the cursed ring "Meach" {rC+ MR+ Str-2 SInv
                  | Stlth+} (You found it on level 6 of the Dungeon)
  3738 | D:6      | Found an iron altar of Okawaru.
  3821 | D:6      | Reached skill level 5 in Stealth
  4123 | D:7      | Reached skill level 9 in Fighting
  4193 | D:7      | Reached XP level 8. HP: 71/71 MP: 3/12
  4216 | D:7      | Found a shadowy altar of Dithmenos.
  4628 | D:7      | Reached XP level 9. HP: 60/76 MP: 5/14
  5614 | D:8      | Noticed a two-headed ogre
  5641 | D:8      | Killed a two-headed ogre
  5641 | D:8      | Reached skill level 5 in Ranged Weapons
  5641 | D:8      | Reached skill level 5 in Throwing
  5641 | D:8      | Reached skill level 5 in Dodging
  5641 | D:8      | Reached skill level 5 in Shields
  6010 | D:8      | Reached skill level 5 in Invocations
  6226 | D:8      | Reached XP level 10. HP: 71/84 MP: 8/17
  6671 | D:8      | Noticed a two-headed ogre
  6685 | D:8      | Killed a two-headed ogre
  6685 | D:8      | Reached skill level 5 in Short Blades
  6685 | D:8      | Reached skill level 5 in Long Blades
  6685 | D:8      | Reached skill level 5 in Axes
  6685 | D:8      | Reached skill level 5 in Maces & Flails
  6685 | D:8      | Reached skill level 5 in Polearms
  6685 | D:8      | Reached skill level 5 in Staves
  6685 | D:8      | Reached skill level 5 in Slings
  6685 | D:8      | Reached skill level 5 in Crossbows
  6685 | D:8      | Reached skill level 5 in Armour
  6685 | D:8      | Reached skill level 5 in Unarmed Combat
  6685 | D:8      | Reached skill level 5 in Spellcasting
  6685 | D:8      | Reached skill level 5 in Evocations
  7454 | D:9      | Reached skill level 10 in Fighting
  7466 | D:9      | Found a staircase to the Orcish Mines.
  7725 | D:10     | Entered Level 10 of the Dungeon
  7725 | D:10     | Found Juontei's Antique Armour Emporium.
  7727 | D:10     | Bought a bloodstained ring mail for 234 gold pieces
  7737 | D:10     | Identified the +3 ring mail of Siquures {rElec rN+ Dex-3}
                  | (You bought it in a shop on level 10 of the Dungeon)
  7801 | D:10     | Noticed a two-headed ogre
  7837 | D:10     | Killed a two-headed ogre
  8136 | D:10     | Noticed Grum
  8141 | D:10     | Reached XP level 11. HP: 77/91 MP: 10/19
  8159 | D:10     | Killed Grum
  8607 | D:10     | Gained mutation: You cannot study or use magical devices.
                  | [Ru sacrifice]
  8607 | D:10     | Reached * piety under Ru
  8607 | D:10     | Reached ** piety under Ru
  8947 | D:10     | Noticed a two-headed ogre
  8962 | D:10     | Killed a two-headed ogre
  8962 | D:10     | Reached skill level 5 in Conjurations
  8962 | D:10     | Reached skill level 5 in Hexes
  8962 | D:10     | Reached skill level 5 in Charms
  8962 | D:10     | Reached skill level 5 in Summonings
  8962 | D:10     | Reached skill level 5 in Necromancy
  8962 | D:10     | Reached skill level 5 in Translocations
  8962 | D:10     | Reached skill level 5 in Transmutations
  8962 | D:10     | Reached skill level 5 in Fire Magic
  8962 | D:10     | Reached skill level 5 in Ice Magic
  8962 | D:10     | Reached skill level 5 in Air Magic
  8962 | D:10     | Reached skill level 5 in Earth Magic
  8962 | D:10     | Reached skill level 5 in Poison Magic
  9070 | D:10     | Noticed a centaur warrior
  9071 | D:10     | Noticed a two-headed ogre
  9087 | D:10     | Killed a two-headed ogre
  9095 | D:10     | Killed a centaur warrior
  9751 | D:11     | Noticed a purple ugly thing
  9766 | D:11     | Killed a purple ugly thing
  9932 | D:11     | Found a staircase to the Lair.
  9971 | D:11     | Noticed Fannar
  9974 | D:11     | Noticed Psyche
 10281 | D:11     | Killed Fannar
 10281 | D:11     | Reached XP level 12. HP: 84/99 MP: 13/22
 10333 | D:11     | Killed Psyche
 10521 | Lair:1   | Entered Level 1 of the Lair of Beasts
 10521 | Lair:1   | Noticed a six-headed hydra
 10540 | Lair:1   | Killed a six-headed hydra
 11074 | Lair:1   | Reached skill level 11 in Fighting
 11259 | Lair:1   | Gained mutation: Your casting is slightly disrupted. [Ru
                  | sacrifice]
 11344 | Lair:1   | Learned a level 3 spell: Swiftness
 13775 | Lair:2   | Found a hole to the Spider Nest.
 14502 | Lair:2   | Reached XP level 13. HP: 102/106 MP: 15/24
 14503 | Lair:2   | Gained mutation: Your casting is disrupted. [Ru sacrifice]
 14503 | Lair:2   | Reached *** piety under Ru
 14995 | Lair:2   | Noticed Urug
 15008 | Lair:2   | Killed Urug
 15477 | Lair:3   | Found a staircase to the Swamp.
 17077 | Lair:4   | Gained mutation: You cannot study or cast Poison magic. [Ru
                  | sacrifice]
 17077 | Lair:4   | Gained mutation: You cannot study or cast Hexes magic. [Ru
                  | sacrifice]
 17077 | Lair:4   | Gained mutation: You cannot study or cast removed Charms
                  | magic. [Ru sacrifice]
 17077 | Lair:4   | Reached **** piety under Ru
 18149 | Lair:4   | Learned a level 7 spell: Summon Butterflies
 19924 | Lair:5   | Found a staircase to the Slime Pits.
 20488 | Lair:5   | Gained mutation: You are hated by all. [Ru sacrifice]
 20488 | Lair:5   | Reached ***** piety under Ru
 20750 | Lair:6   | Entered Level 6 of the Lair of Beasts
 20752 | Lair:6   | Noticed an entropy weaver
 20799 | Lair:6   | Reached XP level 14. HP: 114/114 MP: 17/26
 20802 | Lair:6   | Killed an entropy weaver
 20803 | Lair:6   | Noticed an entropy weaver
 21183 | Lair:5   | Paralysed by a hornet for 3 turns
 21577 | Lair:5   | Reached skill level 12 in Fighting
 22639 | Lair:5   | Killed an entropy weaver
 23950 | Lair:5   | Reached skill level 10 in Stealth
 25021 | Lair:5   | Reached skill level 10 in Invocations
 26563 | Lair:6   | Gained mutation: You are dopey. (Int -2) [Ru sacrifice]
 27441 | Lair:6   | Reached XP level 15. HP: 122/122 MP: 19/28
 27820 | Lair:6   | Reached skill level 10 in Ranged Weapons
 27820 | Lair:6   | Reached skill level 10 in Throwing
 27820 | Lair:6   | Reached skill level 10 in Dodging
 27820 | Lair:6   | Reached skill level 10 in Shields
 28608 | Lair:6   | Upgraded the game from 0.21-a0-509-gecc5317 to
                  | 0.21-a0-516-gaaff437
 28776 | Orc:1    | Entered Level 1 of the Orcish Mines
 28895 | Orc:2    | Entered Level 2 of the Orcish Mines
 28963 | Orc:2    | Found Zemu's General Store.
 28974 | Orc:2    | Found a staircase to the Elven Halls.
 29033 | Orc:2    | Found Demuing's Distillery.
 29042 | Orc:2    | Bought a potion of ambrosia for 80 gold pieces
 29042 | Orc:2    | Bought a potion of lignification for 30 gold pieces
 29042 | Orc:2    | Bought a potion of heal wounds for 50 gold pieces
 29069 | Orc:2    | Found Felor's Antique Weapon Boutique.
 29219 | Orc:2    | Gained mutation: Your magical capacity is low. (-10% MP)
                  | [Ru sacrifice]
 29575 | Orc:2    | Noticed an orc warlord
 29600 | Orc:2    | Killed an orc warlord
 30069 | Orc:2    | Reached skill level 10 in Short Blades
 30069 | Orc:2    | Reached skill level 10 in Long Blades
 30069 | Orc:2    | Reached skill level 10 in Axes
 30069 | Orc:2    | Reached skill level 10 in Maces & Flails
 30069 | Orc:2    | Reached skill level 10 in Polearms
 30069 | Orc:2    | Reached skill level 10 in Staves
 30069 | Orc:2    | Reached skill level 10 in Slings
 30069 | Orc:2    | Reached skill level 10 in Crossbows
 30069 | Orc:2    | Reached skill level 10 in Armour
 30069 | Orc:2    | Reached skill level 10 in Unarmed Combat
 30069 | Orc:2    | Reached skill level 10 in Spellcasting
 30164 | Orc:2    | Found Ahiucics's General Store.
 30165 | Orc:2    | Found Herrife's Jewellery Boutique.
 30166 | Orc:2    | Found Muceer's Antique Armour Shop.
 30166 | Orc:2    | Found Gavuk's Antique Weapon Shop.
 30180 | Orc:2    | Bought a potion of might for 52 gold pieces
 30774 | Orc:2    | Gained mutation: Your magical capacity is very low. (-20%
                  | MP) [Ru sacrifice]
 30774 | Orc:2    | Reached ****** piety under Ru
 31112 | D:12     | Found a frozen archway.
 31138 | IceCv    | Entered an ice cave
 31823 | D:12     | Noticed anything's ghost (journeyman OpTm)
 31873 | D:12     | Killed anything's ghost
 32846 | D:13     | Found a gate to the Vaults.
 33430 | D:13     | Gained mutation: Your body sometimes deteriorates upon
                  | taking damage. [mutagenic meat]
 33431 | D:13     | Gained mutation: You have large cloven feet. [mutagenic
                  | meat]
 33432 | D:13     | Gained mutation: You are surrounded by a mild repulsion
                  | field. (EV +2) [mutagenic meat]
 33433 | D:13     | Lost mutation: You have large cloven feet. [potion of
                  | mutation]
 33433 | D:13     | Lost mutation: Your body sometimes deteriorates upon taking
                  | damage. [potion of mutation]
 33433 | D:13     | Lost mutation: You are surrounded by a mild repulsion
                  | field. (EV +2) [potion of mutation]
 33433 | D:13     | Gained mutation: You are partially covered in icy blue
                  | scales. (AC +2) [potion of mutation]
 33588 | D:14     | Found a sacrificial altar of Ru.
 33642 | D:14     | Noticed Snorg
 33653 | D:14     | Killed Snorg
 33653 | D:14     | Reached XP level 16. HP: 125/129 MP: 24/24
 33714 | D:14     | Reached skill level 13 in Fighting
 34067 | D:14     | Noticed Azrael
 34077 | D:14     | Killed Azrael
 34311 | D:15     | Entered Level 15 of the Dungeon
 34593 | D:15     | Noticed 4thArraOfDagon's ghost (journeyman MiAK)
 34715 | D:15     | Found a staircase to the Depths.
 35070 | D:15     | Got a distressingly furry scale mail
 35079 | D:15     | Killed 4thArraOfDagon's ghost
 35496 | D:15     | Identified the +6 scale mail of the Journeyman {+Fly Str+8
                  | Int-5} (You found it on level 15 of the Dungeon)
 35651 | Swamp:1  | Entered Level 1 of the Swamp
 36290 | Swamp:2  | Noticed Frances
 36296 | Swamp:2  | Killed Frances
 37130 | Orc:2    | Bought a scroll of blinking for 120 gold pieces
 37152 | Orc:2    | Bought a potion of curing for 30 gold pieces
 37152 | Orc:2    | Bought a potion of haste for 100 gold pieces
 37152 | Orc:2    | Bought a potion of invisibility for 80 gold pieces
 37152 | Orc:2    | Bought a potion of curing for 30 gold pieces
 37152 | Orc:2    | Bought a potion of curing for 30 gold pieces
 37152 | Orc:2    | Bought a potion of agility for 40 gold pieces
 38677 | Swamp:2  | Reached XP level 17. HP: 119/137 MP: 25/25
 39237 | Swamp:4  | Entered Level 4 of the Swamp
 39412 | Swamp:3  | Learned a level 7 spell: Sticks to Snakes
 40107 | Swamp:4  | Noticed Nikola
 40130 | Swamp:4  | Killed Nikola
 40425 | Swamp:4  | Noticed the 27-headed Lernaean hydra
 40810 | Swamp:4  | Killed the 23-headed Lernaean hydra
 41079 | Swamp:4  | Got a decaying rune of Zot
 41646 | Swamp:4  | Upgraded the game from 0.21-a0-516-gaaff437 to
                  | 0.21-a0-536-gdbbf329
 41811 | Spider:1 | Entered Level 1 of the Spider Nest
 42409 | Spider:1 | Got an encrusted leather armour
 42420 | Spider:1 | Identified the cursed +1 leather armour of Prudence {Int+4}
                  | (You found it on level 1 of the Spider Nest)
 42494 | Spider:1 | Reached skill level 10 in Conjurations
 42494 | Spider:1 | Reached skill level 10 in Summonings
 42494 | Spider:1 | Reached skill level 10 in Necromancy
 42494 | Spider:1 | Reached skill level 10 in Translocations
 42494 | Spider:1 | Reached skill level 10 in Transmutations
 42494 | Spider:1 | Reached skill level 10 in Fire Magic
 42494 | Spider:1 | Reached skill level 10 in Ice Magic
 42494 | Spider:1 | Reached skill level 10 in Air Magic
 42494 | Spider:1 | Reached skill level 10 in Earth Magic
 42536 | Spider:1 | Got a flickering zirconium amulet
 42591 | Spider:1 | Identified the amulet of the Cockatrice {+Rage Int+4} (You
                  | found it on level 1 of the Spider Nest)
 42763 | Spider:2 | Noticed Aizul
 42787 | Spider:2 | Killed Aizul
 42827 | Spider:2 | Reached XP level 18. HP: 145/145 MP: 26/26
 42837 | Spider:2 | Reached skill level 14 in Fighting
 43888 | Spider:3 | Noticed nono's ghost (adept BaFi)
 43924 | Spider:3 | Killed nono's ghost
 45388 | Spider:4 | Entered Level 4 of the Spider Nest
 45423 | Spider:4 | Learned a level 4 spell: Airstrike
 45842 | Spider:4 | Identified the Catalogue of Supportive Conjuration
 45851 | Spider:4 | Learned a level 6 spell: Bolt of Fire
 45856 | Spider:4 | Learned a level 4 spell: Sticky Flame
 46333 | Spider:4 | Got a gossamer rune of Zot
 47898 | Vaults:1 | Entered Level 1 of the Vaults
 48237 | Vaults:1 | Gained mutation: Your spells are a little harder to cast,
                  | but a little more powerful. [mutagenic meat]
 48238 | Vaults:1 | Gained mutation: You possess an exceptional clarity of
                  | mind. [mutagenic meat]
 48239 | Vaults:1 | Gained mutation: Your body sometimes deteriorates upon
                  | taking damage. [mutagenic meat]
 48240 | Vaults:1 | Gained mutation: You have a pair of small horns on your
                  | head. [mutagenic meat]
 48241 | Vaults:1 | Gained mutation: You are occasionally teleported next to
                  | monsters. [mutagenic meat]
 48242 | Vaults:1 | Gained mutation: You do not regenerate when monsters are
                  | visible. [mutagenic meat]
 48244 | Vaults:1 | Gained mutation: You are often teleported next to monsters.
                  | [mutagenic meat]
 48245 | Vaults:1 | Lost mutation: You possess an exceptional clarity of mind.
                  | [potion of mutation]
 48245 | Vaults:1 | Lost mutation: You are partially covered in icy blue
                  | scales. (AC +2) [potion of mutation]
 48245 | Vaults:1 | Lost mutation: Your spells are a little harder to cast, but
                  | a little more powerful. [potion of mutation]
 48245 | Vaults:1 | Lost mutation: You have a pair of small horns on your head.
                  | [potion of mutation]
 48245 | Vaults:1 | Gained mutation: You possess an exceptional clarity of
                  | mind. [potion of mutation]
 48246 | Vaults:1 | Lost mutation: You are often teleported next to monsters.
                  | [potion of mutation]
 48246 | Vaults:1 | Lost mutation: You possess an exceptional clarity of mind.
                  | [potion of mutation]
 48246 | Vaults:1 | Lost mutation: You do not regenerate when monsters are
                  | visible. [potion of mutation]
 48246 | Vaults:1 | Lost mutation: Your body sometimes deteriorates upon taking
                  | damage. [potion of mutation]
 48246 | Vaults:1 | Gained mutation: You are partially covered in iridescent
                  | scales. (AC +2) [potion of mutation]
 48246 | Vaults:1 | Gained mutation: You expend magic power (3 MP) to
                  | strengthen your wands. [potion of mutation]
 48246 | Vaults:1 | Gained mutation: You are resistant to electric shocks.
                  | (rElec) [potion of mutation]
 48247 | Vaults:1 | Lost mutation: You expend magic power (3 MP) to strengthen
                  | your wands. [potion of mutation]
 48247 | Vaults:1 | Lost mutation: You are partially covered in iridescent
                  | scales. (AC +2) [potion of mutation]
 48247 | Vaults:1 | Lost mutation: You are occasionally teleported next to
                  | monsters. [potion of mutation]
 48247 | Vaults:1 | Gained mutation: Your movements are slightly less
                  | encumbered by armour. (ER -2) [potion of mutation]
 48247 | Vaults:1 | Gained mutation: You occasionally shout uncontrollably at
                  | your foes. [potion of mutation]
 48247 | Vaults:1 | Gained mutation: You have a somewhat thin skeletal
                  | structure. (Dex +2, Stealth+) [potion of mutation]
 48313 | Vaults:1 | Reached XP level 19. HP: 58/153 MP: 10/28
 49541 | Vaults:1 | Noticed Saint Roka
 49565 | Vaults:1 | Killed Saint Roka
 51879 | Vaults:2 | Upgraded the game from 0.21-a0-536-gdbbf329 to
                  | 0.21-a0-584-g185da8e
 52120 | Vaults:2 | Reached XP level 20. HP: 81/161 MP: 23/29
 52968 | Vaults:3 | Reached skill level 15 in Fighting
 55016 | Vaults:3 | Found a staircase to the Crypt.
 55799 | Vaults:4 | Identified Bufaod's Papyrus of Frigorific Arcane Weapons
 57116 | Vaults:4 | Learned a level 5 spell: Bolt of Magma
 57878 | Vaults:4 | Reached XP level 21. HP: 169/169 MP: 30/30
 58001 | Vaults:4 | Got a bloodstained robe
 58012 | Vaults:4 | Identified the cursed +0 robe "Kiun" {rN+} (You took it off
                  | an ironheart preserver on level 4 of the Vaults)
 58027 | Vaults:4 | Upgraded the game from 0.21-a0-584-g185da8e to
                  | 0.22-a0-69-g116c2a8
 58090 | Vaults:5 | Entered Level 5 of the Vaults
 60842 | Vaults:4 | Reached skill level 15 in Invocations
 61076 | Vaults:5 | HP: 8/170 [yaktaur captain/bolt (13)]
 61082 | Vaults:5 | HP: 4/170 [tengu reaver/bolt of lightning (3)]
 61088 | Vaults:5 | HP: 7/170 [stone giant/large rock (13)]
 62031 | Vaults:4 | Got a crude whip {slash}
 62032 | Vaults:4 | Identified the +5 whip of Zin's Reproof {slash, rN+ MR+
                  | MP+9} (You took it off an ironbrand convoker on level 4 of
                  | the Vaults)
 62740 | Vaults:4 | Reached XP level 22. HP: 91/177 MP: 18/32
 63314 | Vaults:5 | Reached skill level 16 in Fighting
 63398 | Vaults:5 | Noticed a golden dragon
 63416 | Vaults:5 | Killed a golden dragon
 63879 | Vaults:5 | Got a heavily runed plate armour
 63880 | Vaults:5 | Identified the +4 plate armour of the Gravedigger {rElec}
                  | (You found it on level 5 of the Vaults)
 64176 | Vaults:5 | Learned a level 5 spell: Lee's Rapid Deconstruction
 64181 | Vaults:5 | Noticed a golden dragon
 64182 | Vaults:5 | Identified a scroll of acquirement
 64195 | Vaults:5 | Killed a golden dragon
 64906 | Vaults:5 | Got a silver rune of Zot
 65010 | Vaults:5 | Noticed a golden dragon
 65039 | Vaults:5 | Killed a golden dragon
 65951 | Depths:1 | Entered Level 1 of the Depths
 66147 | Depths:1 | Found a one-way gate to the infinite horrors of the Abyss.
 66279 | Depths:1 | Found a gateway to Hell.
 66608 | Depths:1 | Found a portal to a secret trove of treasure.
 66759 | Depths:1 | Reached skill level 15 in Stealth
 67648 | Depths:2 | Noticed a juggernaut
 67655 | Depths:2 | Killed a juggernaut
 67655 | Depths:2 | Reached XP level 23. HP: 115/185 MP: 7/33
 67656 | Depths:2 | Noticed a golden dragon
 67672 | Depths:2 | Killed a golden dragon
 68240 | Depths:2 | Got a scorched shortbow
 68241 | Depths:2 | Identified the +7 shortbow of Trial by Ordeal {freeze,
                  | +Blink rC++} (You found it on level 2 of the Depths)
 68845 | Depths:2 | Reached skill level 15 in Ranged Weapons
 68845 | Depths:2 | Reached skill level 15 in Throwing
 68845 | Depths:2 | Reached skill level 15 in Dodging
 68845 | Depths:2 | Reached skill level 15 in Shields
 68884 | Depths:2 | Found a one-way gate leading to the halls of Pandemonium.
 69476 | Depths:2 | Upgraded the game from 0.22-a0-69-g116c2a8 to
                  | 0.22-a0-78-g0f8607c
 70817 | Depths:3 | Reached skill level 15 in Short Blades
 70817 | Depths:3 | Reached skill level 15 in Long Blades
 70817 | Depths:3 | Reached skill level 15 in Axes
 70817 | Depths:3 | Reached skill level 15 in Maces & Flails
 70817 | Depths:3 | Reached skill level 15 in Polearms
 70817 | Depths:3 | Reached skill level 15 in Staves
 70817 | Depths:3 | Reached skill level 15 in Slings
 70817 | Depths:3 | Reached skill level 15 in Crossbows
 70817 | Depths:3 | Reached skill level 15 in Armour
 70817 | Depths:3 | Reached skill level 15 in Unarmed Combat
 70817 | Depths:3 | Reached skill level 15 in Spellcasting
 71124 | Depths:3 | Noticed an ancient lich
 71130 | Depths:3 | Killed an ancient lich
 71246 | Depths:3 | Noticed a golden dragon
 71256 | Depths:3 | Killed a golden dragon
 71324 | Depths:3 | Got a faintly glowing pewter ring
 72813 | Depths:3 | Noticed an ancient lich
 72834 | Depths:3 | Killed an ancient lich
 72841 | Depths:3 | Reached XP level 24. HP: 116/193 MP: 15/33
 73082 | Depths:3 | Identified Sif Muna's Disquisition on the Enchanting
                  | Traveller
 74495 | Depths:3 | Reached skill level 17 in Fighting
 74627 | Depths:4 | Noticed Louise
 74856 | Depths:4 | Learned a level 4 spell: Flame Wave
 74960 | Abyss:2  | Cast into level 2 of the Abyss (Louise)
 75239 | Depths:4 | Escaped the Abyss
 75259 | Depths:4 | Killed Louise
 77534 | Depths:5 | Entered Level 5 of the Depths
 77567 | Depths:4 | Reached skill level 18 in Fighting
 77980 | Depths:4 | Upgraded the game from 0.30-a0-718-geaa24f58ff to
                  | 0.30-a0-721-ga6a225cb13
 78233 | Lair:6   | Identified the ring "Zifyrom" {rPois rF+ Int+6} (You took
                  | it off a centaur warrior on level 3 of the Depths)
 78273 | Lair:6   | Identified the +3 hunting sling "Ahocs" {heavy, Fly rN+++
                  | Str+4 Int-2}
 78521 | Zot:1    | Entered Level 1 of the Realm of Zot
 78772 | Depths:4 | Upgraded the game from 0.30-a0-721-ga6a225cb13 to
                  | 0.30-a0-777-ga9a30cbeda
 79100 | D:$      | Got out of the dungeon!

Skill      XL: |  1  2  3  4  5  6  7  8  9 10 11 12 13 14 15 16 17 18 19 20 21 22 23 24 |
---------------+-------------------------------------------------------------------------+-----
Short Blades   | 1 2 3 4 5 6 7 8 9 10 11 12 13 14 15 16 | 16.1
Long Blades    | 1 2 3 4 5 6 7 8 9 10 11 12 13 14 15 16 | 16.1
Axes           | 1 2 3 4 5 6 7 8 9 10 11 12 13 14 15 16 | 16.1
Maces & Flails | 1 2 3 4 5 6 7 8 9 10 11 12 13 14 15 16 | 16.1
Polearms       | 1 2 3 4 5 6 7 8 9 10 11 12 13 14 15 16 | 16.1
Staves         | 1 2 3 4 5 6 7 8 9 10 11 12 13 14 15 16 | 16.1
Slings         | 1 2 3 4 5 6 7 8 9 10 11 12 13 14 15 |  0.0
Crossbows      | 1 2 3 4 5 6 7 8 9 10 11 12 13 14 15 |  0.0
Armour         | 1 2 3 4 5 6 7 8 9 10 11 12 13 14 15 16 | 16.1
Unarmed Combat | 1 2 3 4 5 6 7 8 9 10 11 12 13 14 15 16 | 16.1
Spellcasting   | 1 2 3 4 5 6 7 8 9 10 11 12 13 14 15 16 | 16.1
Invocations    | 1 2 3 4 5 6 7 8 9 10 11 12 13 14 15 16 17 | 17.5
Evocations     | 1 2 3 4 5 0 |  0.0
Conjurations   | 1 2 3 4 5 6 7 8 9 10 11 12 13 | 13.7
Hexes          | 1 2 3 4 5 6 0 |  0.0
Charms         | 1 2 3 4 5 6 0 |  0.0
Summonings     | 1 2 3 4 5 6 7 8 9 10 11 12 13 0 |  0.0
Necromancy     | 1 2 3 4 5 6 7 8 9 10 11 12 13 | 13.7
Translocations | 1 2 3 4 5 6 7 8 9 10 11 12 13 | 13.7
Transmutations | 1 2 3 4 5 6 7 8 9 10 11 12 13 | 13.7
Fire Magic     | 1 2 3 4 5 6 7 8 9 10 11 12 13 | 13.7
Ice Magic      | 1 2 3 4 5 6 7 8 9 10 11 12 13 | 13.7
Air Magic      | 1 2 3 4 5 6 7 8 9 10 11 12 13 | 13.7
Earth Magic    | 1 2 3 4 5 6 7 8 9 10 11 12 13 | 13.7
Poison Magic   | 1 2 3 4 5 6 0 |  0.0
Ranged Weapons | 3 4 5 6 7 8 9 10 11 12 13 14 15 16 | 16.3
Throwing       | 3 4 5 6 7 8 9 10 11 12 13 14 15 16 | 16.3
Dodging        | 3 4 5 6 7 8 9 10 11 12 13 14 15 16 | 16.3
Shields        | 3 4 5 6 7 8 9 10 11 12 13 14 15 16 | 16.3
Stealth        | 5 6 7 8 9 10 11 12 13 14 15 16 | 16.6
Fighting       | 9 10 11 12 13 14 15 16 18 | 18.0

Action                     |  1- 3 |  4- 6 |  7- 9 | 10-12 | 13-15 | 16-18 | 19-21 | 22-24 || total
---------------------------+-------+-------+-------+-------+-------+-------+-------+-------++-------
  Melee: Whip              |       |    18 |       |    17 |    56 |       |    50 |       ||   141
         Punch             |       |     3 |    26 |   108 |   268 |   219 |   260 |   249 ||  1133
         Falchion          |       |       |   208 |   646 |  1325 |       |       |       ||  2179
         Touch             |       |       |     6 |    28 |    81 |     1 |     6 |    16 ||   138
         Lajatang          |       |       |       |       |   257 |  1508 |  1290 |  1329 ||  4384
         Battleaxe         |       |       |       |       |    44 |       |       |       ||    44
         Eveningstar       |       |       |       |       |       |     7 |     4 |    23 ||    34
         Demon whip        |       |       |       |       |       |       |       |    63 ||    63
         Bite              |       |       |       |       |       |       |       |    45 ||    45
   Fire: Shortbow          |    67 |   184 |    35 |    89 |   344 |   180 |    43 |     6 ||   948
         Sling             |       |       |       |       |       |       |       |    13 ||    13
         Triple crossbow   |       |       |       |       |       |       |       |     8 ||     8
  Throw: Javelin           |       |       |       |       |    77 |    33 |     1 |     2 ||   113
   Cast: Swiftness         |       |       |       |     2 |       |       |       |     1 ||     3
         Sticky Flame      |       |       |       |       |       |     2 |       |       ||     2
         Sticks to Snakes  |       |       |       |       |       |     2 |       |       ||     2
         Bolt of Fire      |       |       |       |       |       |       |     5 |       ||     5
         Lee's Rapid Decon |       |       |       |       |       |       |       |     6 ||     6
         Flame Wave        |       |       |       |       |       |       |       |     7 ||     7
 Invoke: Sacrifice Artific |       |       |       |     1 |       |       |       |       ||     1
         Sacrifice Essence |       |       |       |     1 |     3 |       |       |       ||     4
         Power Leap        |       |       |       |       |    10 |    14 |     9 |     6 ||    39
         Draw Out Power    |       |       |       |       |     5 |     4 |     7 |     2 ||    18
         Apocalypse        |       |       |       |       |     5 |     5 |     7 |     2 ||    19
         Sacrifice Love    |       |       |       |       |     1 |       |       |       ||     1
         Sacrifice Arcana  |       |       |       |       |     1 |       |       |       ||     1
         Sacrifice Purity  |       |       |       |       |     1 |       |       |       ||     1
    Use: Scroll            |     3 |       |    12 |    12 |    23 |    22 |    11 |    15 ||    98
         Potion            |       |       |     4 |    10 |     9 |    23 |    12 |     4 ||    62
   Stab: Sleeping          |       |       |    10 |    13 |    28 |    23 |    18 |     9 ||   101
         Distracted        |       |       |     1 |     1 |    13 |    18 |    10 |    14 ||    57
         Invisible         |       |       |       |     3 |    22 |    31 |    17 |    17 ||    90
         Paralysed         |       |       |       |       |    30 |     3 |    22 |    11 ||    66
         Petrified         |       |       |       |       |     7 |       |     2 |     1 ||    10
         Petrifying        |       |       |       |       |       |       |       |     1 ||     1
    Eat: Removed food      |       |     5 |    10 |    17 |    34 |    45 |    29 |    17 ||   157
         Removed food      |       |       |     1 |     2 |     5 |     6 |     2 |       ||    16
         Removed food      |       |       |       |     2 |     5 |       |       |       ||     7
         Removed food      |       |       |       |       |     1 |       |     5 |     6 ||    12
 Armour: Robe              |     5 |    21 |    46 |       |       |       |       |       ||    72
         Plate armour      |       |       |     8 |    66 |       |       |       |    42 ||   116
         Ring mail         |       |       |       |   245 |   547 |   101 |       |       ||   893
         Scale mail        |       |       |       |       |       |   451 |   553 |   414 ||  1418
         Swamp dragon scal |       |       |       |       |       |   376 |       |       ||   376
         Skin              |       |       |       |       |       |    36 |       |       ||    36
         Fire dragon scale |       |       |       |       |       |       |       |    17 ||    17
  Dodge: Dodged            |    11 |    62 |   144 |   520 |  1209 |  1526 |  1077 |   941 ||  5490
Riposte: Falchion          |       |       |    45 |   137 |   270 |       |       |       ||   452

Levels and vault maps discovered:
D:1:      onia_arrival_handbag, serial_corexii_hall, corexii_hall_statues_x,
          corexii_hall_statues_l, corexii_hall_statues_i,
          corexii_hall_statues_deadend, corexii_hall_statues_t,
          corexii_hall_statues_i
D:2:      minivault_24
D:3:      lemuel_crystal_altar, cheibriados_altar_1
D:4:      cheibrodos_ashenzari_chains, nemelex_xobeh_ov_fountains_minmay,
          first_bread
D:5:      lemuel_round_altar
D:6:      okawaru_gym_becter, minmay_temple_entry_large_hall
D:7:      lemuel_doored_altar
D:9:      orc_0_dummy
D:10:     minmay_blocky_corners, serial_shops, shop, uniq_grum
D:11:     due_lair_maze_entry_diamond, blue_anna_alchemist, uniq_psyche,
          uniq_fannar
D:12:     portal_ice_cave_entry_imps
D:13:     david_vaults_1
D:14:     nicolae_ru_sacrificial_ziggurat, minmay_hedge_maze,
          corexii_checkpoint_a, grunt_decor_mini_mirrors, grunt_decor_cap,
          minmay_door_square, uniq_snorg, uniq_azrael
D:15:     hangedman_depths_entry_civil_slaughter, minmay_misc_feat_rows,
          feat_on_display
Temple:   regret_index_temple_waves
Lair:1:   enter_volcano_3, beast_lair_carwin_7
Lair:2:   spider_nest_entry_a, special_room, lemuel_fruit_fields,
          serial_bayou_shore_a, uniq_urug
Lair:3:   swamp_mist, eino_house_with_fridge, grunt_megastairs_2
Lair:5:   minmay_slime_entry_pillars, serial_bayou_pond_e, beast_lair_carwin_10
Lair:6:   hangedman_lair_in_review, hangedman_lair_tendril_chambers,
          minivault_29
Swamp:1:  serial_swamp_ruin, evilmike_swamp_ruin_house_2,
          evilmike_swamp_ruin_house_3
Swamp:2:  hangedman_swamp_lotus, infiniplex_staircase_pool, uniq_frances
Swamp:3:  evilmike_swamp_ruin_house_1
Swamp:4:  swamp, uniq_nikola
Spider:1: hangedman_spider_trapstep
Spider:2: hangedman_spider_tarantella_strand, uniq_aizul
Spider:3: special_room, worms_lemuel
Spider:4: grunt_spider_rune_parallel
Orc:2:    st_orc_congregation, serial_shops, nicolae_shop_stone, shop, shop
Vaults:1: nicolae_vaults_mini_display_case, grunt_vaults_funnel,
          v_alt_pattern_5, nicolae_vaults_asterisk, v_alt_pattern_2,
          grunt_vaults_hallway_short, hangedman_vaults_nails, uniq_saint_roka
Vaults:2: vaults_room_fancy_cross, v_alt_pattern_6, v_alt_pattern_2, v_misc_3,
          v_pattern_5, vaults_dpeg_diagonal, nicolae_vaults_network_square,
          kb_rosetta, nicolae_vaults_inception_corners, vaults_dpeg_ring,
          ontoclasm_vaults_decontamination, vaults_room_hallway
Vaults:3: v_misc_2, v_rooms_2, vaults_room_door_hall,
          nicolae_vaults_network_quinsquares, hangedman_vaults_cutoff,
          vaults_mumra_lcd, hangedman_vaults_trim, blue_anna_dwarven_crypt,
          nicolae_vaults_octagons, nicolae_vaults_big_angled_halls,
          ontoclasm_vaults_fault, ontoclasm_vaults_claustrophobia,
          vaults_dpeg_encased_lava
Vaults:4: vaults_dpeg_spiral, nicolae_vaults_theta, hangedman_vaults_stagger,
          vaults_room_stairs_pillars, serial_ice_b, v_misc_2, vaults_room_pool,
          nicolae_vaults_little_ls, v_alt_pattern_6, v_rooms_3, v_misc_32
Vaults:5: serial_shops
Depths:1: hex_tiny, hell_entry, enter_trove_3, minmay_room_of_horrors,
          bh_walls_and_bars
Depths:2: minmay_box_of_curves, rand_demon_pan_entry_8, hangedman_coc_ice_floe,
          kennysheep_pointless_box, basic_stair_grate_trap
Depths:3: hangedman_pleasuredromes, pan_entry, hell_entry, serial_shops
Depths:4: minmay_outward_triangles, minmay_crystal_room,
          nicolae_abyss_entry_one_way_or_another, hell_entry,
          minmay_staircase_bubble, grunt_megastairs_4
Depths:5: evilmike_zot_entry_diamond, layout_cave_shapes, enter_ziggurat_b,
          grunt_mini_vestibule, minmay_crystal_water, rand_demon_pan_entry_5
Zot:1:    layout_onion_interference, uniq_parghit
